 Dungeon Crawl Stone Soup version 0.30-a0-358-g0d69a1922f (webtiles) character file.

Game seed: 49462470336672175

118528 hikkokomori the Geomancer (level 16, -4/96 HPs)
             Began as a Gargoyle Earth Elementalist on Nov 11, 2022.
             Was the Champion of Vehumet.
             Slain by a culicivora (12 damage)
             ... on level 1 of the Spider Nest.
             The game lasted 01:33:08 (26460 turns).

hikkokomori the Geomancer (GrEE)                   Turns: 26460, Time: 01:33:08

Health: -4/96      AC: 22    Str: 13    XL:     16   Next: 77%
Magic:  14/32      EV: 12    Int: 23    God:    Vehumet [******]
Gold:   1284       SH:  5    Dex: 10    Spells: 1/39 levels left

rFire   + + .      SeeInvis .    g - +8 whip "Snakebite" {venom, curare, rPois}
rCold   . . .      Faith    +    X - +0 buckler
rNeg    + . .      Spirit   .    W - +2 robe {Archmagi}
rPois   ∞          Reflect  .    l - +2 hat
rElec   +          Harm     .    k - +2 cloak {rF+}
rCorr   .          Rampage  .    V - +2 pair of gloves
Will    +....      Archmagi +    D - +0 pair of boots
Stlth   +++.......               u - amulet of faith
HPRegen 0.36/turn                Q - ring of protection from fire
MPRegen 0.23/turn                B - +4 ring of protection

@: radiating poison, corroded, flying, very slightly contaminated
A: sickness immunity, AC +12, big wings, negative energy resistance 1,
electricity resistance, torment resistance 1, petrification resistance
a: Renounce Religion


You were on level 1 of the Spider Nest.
You worshipped Vehumet.
Vehumet was exalted by your worship.
You visited 5 branches of the dungeon, and saw 24 of its levels.
You also visited: Bailey and Volcano.

You collected 3333 gold pieces.
You spent 2049 gold pieces at shops.

Inventory:

Hand Weapons
 g - the +8 whip "Snakebite" (weapon) {venom, curare, rPois}
   (You found it on level 4 of the Lair of Beasts)

   It poisons the flesh of those it strikes.
   It occasionally inflicts asphyxiating poison on those it strikes, dealing
   poison damage and causing slowness.
   rPois:     It protects you from poison.
 U - the +7 morningstar of Goulurch {elec, rF++ rN+}
   (You bought it in a shop on level 8 of the Dungeon)

   It occasionally discharges a powerful burst of electricity upon striking a
   foe.
   rF:        It greatly protects you from fire.
   rN:        It protects you from negative energy.
Missiles
 v - 4 throwing nets
Armour
 k - a +2 cloak of fire resistance (worn)
 l - a +2 hat (worn)
 p - a +4 chain mail of fire resistance
 t - a +0 kite shield
 D - a +0 pair of boots (worn)
 I - the +2 leather armour of Wuoloceu {Will+}
   (You found it on level 6 of the Dungeon)

   Will:      It increases your willpower.
 V - a +2 pair of gloves (worn)
 W - a +2 robe of the Archmagi (worn)
 X - a +0 buckler (worn)
Magical Staves
 s - a staff of earth
Jewellery
 c - an amulet of reflection
 m - a ring of resist corrosion
 u - an amulet of faith (around neck)
 B - a +4 ring of protection (right hand)
 H - a +6 ring of strength
 Q - a ring of protection from fire (left hand)
 T - a ring of ice
Wands
 a - a wand of charming (10)
 o - a wand of digging (2)
 w - a wand of polymorph (30)
 y - a wand of flame (48)
 z - a wand of roots (4)
 J - a wand of quicksilver (18)
 R - a wand of mindburst (7)
Scrolls
 e - 7 scrolls of blinking
 f - 6 scrolls of fog
 n - a scroll of magic mapping
 q - a scroll of silence
 A - 10 scrolls of teleportation
 C - a scroll of enchant armour
 G - a scroll of enchant weapon
 M - 4 scrolls of poison
 O - 5 scrolls of fear
 P - 2 scrolls of amnesia
Potions
 b - 2 potions of magic
 d - 3 potions of attraction
 h - 2 potions of ambrosia
 i - 6 potions of invisibility
 j - 8 potions of curing
 r - 6 potions of heal wounds
 x - 5 potions of haste
 F - 4 potions of resistance
 K - 3 potions of might
 L - 5 potions of mutation
 N - 4 potions of brilliance
 Y - 2 potions of cancellation
Miscellaneous
 Z - a lightning rod (4/4)


   Skills:
 - Level 9.2 Fighting
 - Level 6.5(7.2) Maces & Flails
 - Level 4.6(6.3) Staves
 - Level 6.3 Armour
 + Level 3.1 Dodging
 - Level 6.0 Stealth
 - Level 5.3 Shields
 + Level 12.1 Spellcasting
 - Level 8.2 Conjurations
 + Level 4.1 Hexes
 - Level 7.3 Translocations
 + Level 6.2 Transmutations
 - Level 6.0 Fire Magic
 + Level 14.3 Earth Magic
 - Level 10.3 Poison Magic
 - Level 6.1 Evocations


You had one spell level left.
You knew the following spells:

 Your Spells              Type           Power      Damage    Failure   Level
a - Sandblast             Erth           100%       2d20      0%          1
b - Blink                 Tloc           100%       N/A       1%          2
c - Stone Arrow           Conj/Erth      100%       3d13      1%          3
d - Passwall              Tmut/Erth      62%        N/A       1%          2
e - Passage of Golubria   Tloc           64%        N/A       2%          4
f - Ignite Poison         Fire/Tmut/Pois 65%        N/A       1%          3
g - Olgreb's Toxic Radia  Pois           75%        N/A       1%          4
h - Mephitic Cloud        Conj/Pois/Air  59%        N/A       1%          3
i - Lee's Rapid Deconstr  Erth           44%        3d21*     1%          5
j - Yara's Violent Unrav  Hex/Tmut       27%        3d12      5%          5
k - Eringya's Noxious Bo  Tmut/Pois      34%        N/A       8%          6

Your spell library contained the following spells:

 Spells                   Type           Power      Damage    Failure   Level
 Iskenderun's Battlesphe  Conj           67%        2d12      1%          5
 Foxfire                  Conj/Fire      100%       2x1d9     1%          1
 Freeze                   Ice            84%        1d9       1%          1
 Kiss of Death            Conj/Necr      100%       2d13      1%          1
 Sting                    Tmut/Pois      100%       1d8       1%          1
 Momentum Strike          Conj/Tloc      100%       3d10      1%          2
 Hailstorm                Conj/Ice       49%        3d11      1%          3
 Lesser Beckoning         Tloc           100%       N/A       1%          3
 Portal Projectile        Hex/Tloc       100%       N/A       1%          3
 Spider Form              Tmut/Pois      68%        N/A       1%          3
 Leda's Liquefaction      Hex/Erth       35%        N/A       1%          4
 Petrify                  Tmut/Erth      75%        N/A       1%          4
 Manifold Assault         Tloc           64%        N/A       2%          4
 Fireball                 Conj/Fire      31%        3d13      2%          5
 Ensorcelled Hibernation  Hex/Ice        70%        N/A       3%          2
 Confusing Touch          Hex            49%        N/A       3%          3
 Tukima's Dance           Hex            49%        N/A       3%          3
 Frozen Ramparts          Ice            42%        1d7       4%          3
 Borgnjor's Vile Clutch   Necr/Erth      31%        N/A       9%          5
 Ice Form                 Ice/Tmut       42%        N/A       16%         4
 Call Canine Familiar     Summ           21%        N/A       17%         3
 Anguish                  Hex/Necr       17%        N/A       24%         4
 Orb of Destruction       Conj           33%        9d10      38%         7
 Dispersal                Tloc           32%        N/A       41%         6
 Animate Dead             Necr           21%        N/A       50%         4
 Dispel Undead            Necr           21%        3d11      50%         4
 Summon Ice Beast         Ice/Summ       21%        N/A       50%         4
 Metabolic Englaciation   Hex/Ice        17%        N/A       56%         5
 Death Channel            Necr           10%        N/A       100%        6
 Ozocubu's Refrigeration  Ice            10%        4d9       100%        7
 Disjunction              Tloc           32%        N/A       100%        8
 Cigotuvi's Dreadful Rot  Necr/Pois/Air  Unusable   N/A       N/A         2
 Statue Form              Tmut/Erth      Unusable   N/A       N/A         6

Dungeon Overview and Level Annotations

Branches:
Dungeon (15/15)            Temple (1/1) D:7            Lair (5/5) D:8
  Swamp (0/4) Lair:2       Spider (1/4) Lair:2        Slime (0/5) Lair:5
    Orc (2/2) D:11            Elf (0/3) Orc:2        Vaults (0/5) D:14
 Depths (0/4) D:15         Bailey (visited)         Volcano (visited)

Altars:
Ashenzari
Dithmenos
Fedhas
Gozag
Hepliaklqana
Nemelex Xobeh
Qazlal
Ru
Sif Muna
Trog
Uskayaw
Vehumet
Xom
Yredelemnul
Zin
The Shining One

Shops:
D:6 [?[*=[   D:8 ?**(!   D:13 [*   D:15 ((:*   Orc:2 ??[[

Annotations:
D:4 3 runed translucent doors, Dowan; Duvessa; THTSBRD's ghost, amateur MeRe
D:10 2 transporters, pascalblue's ghost, journeyman DECj
D:13 3 runed translucent doors, sirJeffrey23's ghost, journeyman FoFi
D:15 Roxanne
Orc:2 2 transporters, hikkokomori's ghost, journeyman TeCj


Innate Abilities, Weirdness & Mutations

You are immune to sickness and miasma.
Your stone body is resilient. (AC +12)
You are immune to poison.
Your large and strong wings let you fly.
You resist negative energy. (rN+)
You are resistant to electric shocks. (rElec)
You are resistant to unholy torment.
You are immune to petrification.


Message History

Confirm with . or Enter, or press ? or * to list all spells.
Aiming: Mephitic Cloud (safe; 1% risk of failure)
Press: ? - help, Shift-Dir - straight line You feel a surge of power!
The ball explodes into a vile cloud!
The culicivora's many legs skitter faintly.
You hear a shout!
You hear a faint skittering sound.
The pharaoh ant is engulfed in blazing flames.
The culicivora bites you!
* * * LOW HITPOINT WARNING * * *
The pharaoh ant is engulfed in blazing flames.
You destroy the pharaoh ant!
Vehumet accepts your kill.
You feel your power returning.
The pharaoh ant binds the souls of nearby monsters.
Casting: Mephitic Cloud (safe; 1% risk of failure)
Confirm with . or Enter, or press ? or * to list all spells.
You feel a surge of power!
You begin to radiate toxic energy.
The tarantella is poisoned.
The culicivora is poisoned.
The tarantella looks even sicker.
The tarantella is engulfed in blazing flames.
The culicivora closely misses you.
The tarantella is engulfed in blazing flames.
Unknown command.
Unknown command.
Casting: Olgreb's Toxic Radiance (safe; 1% risk of failure)
Confirm with . or Enter, or press ? or * to list all spells.
You feel a surge of power!
You ignite the poison in your surroundings!
The culicivora seems to burn from within!
The culicivora is heavily wounded.
The tarantella seems to burn from within!!
You kill the tarantella!
Vehumet accepts your kill.
You feel your power returning.
A freezing mist starts to gather...
A tarantella simulacrum comes into view.
The tarantella is poisoned.
The culicivora is poisoned.
The culicivora bites you.
* * * LOW HITPOINT WARNING * * *
The culicivora bites you!
You die...

###...#...#.....#
##.....#..##.##### .
#..##..#.^.......# ..
#.....†..#......##
$..#..#.#........###
......#.......#..#
#.......†..###.###
#...#.#..#.##≈## ...
#...s@......~#≈# #..
###○..##....~≈≈## ~#...
####§§§#.#...~#≈≈≈#
~...##.#.○Z##....#~≈≈≈≈##
#...†.○°○#......~≈#≈≈#≈#
...#°....#^†.~≈≈≈##≈≈# ~
#.s..#....##~≈#≈≈≈≈≈## #.#
#....#...#..†≈≈≈≈#≈≈≈#
#.....#...#......#≈##≈≈≈≈##


You could see a culicivora (soul bound, poisoned), a tarantella (soul bound,
poisoned) and a tarantella simulacrum.

Vanquished Creatures
  Rupert (D:14)
  Frances (Spider:1)
  Kirke (D:12)
  A fire giant (D:13)
  An ironbound preserver (D:14)
  Nessos (D:12)
  Azrael (D:15)
  Snorg (D:12)
  Fannar (D:11)
  An entropy weaver (Spider:1)
  7 hydras
  Harold (D:11)
  11 two-headed ogres
  8 centaur warriors
  2 ogre magi (Orc:2)
  3 catoblepae
  A radroach (Spider:1)
  A dancing weapon (Volcano)
  7 boulder beetles
  A tengu warrior (D:15)
  A pharaoh ant (Spider:1)
  Urug (D:12)
  9 skeletal warriors
  A goliath frog (Lair:5)
  2 deep trolls (Orc:2)
  An orb spider (Spider:1)
  2 bog bodies (Lair:2)
  2 wizards (Volcano)
  Pikel (D:8)
  A necromancer (D:15)
  2 orc sorcerers (Orc:2)
  3 deep elf pyromancers
  2 ugly things (D:14)
  A wolf spider (Spider:1)
  2 manticores
  3 toenail golems (Volcano)
  A moth of wrath (Spider:1)
  7 cyclopes
  4 black mambas
  A guardian serpent (shapeshifter) (D:14)
  A centaur zombie (D:15)
  11 elephants
  A torpor snail (Lair:5)
  19 cane toads
  4 naga magi (D:15)
  A centaur skeleton (D:15)
  A cane toad (shapeshifter) (D:14)
  2 gargoyles
  2 unseen horrors
  2 kobold demonologists (D:14)
  3 rime drakes
  A komodo dragon (shapeshifter) (D:14)
  A freezing wraith (D:14)
  An efreet (D:14)
  6 komodo dragons
  3 tengu conjurers (D:15)
  9 trolls
  A harpy zombie (D:15)
  A polar bear (Lair:5)
  3 meliai (D:14)
  4 tyrant leeches (Lair:5)
  2 tarantellas (shapeshifter) (D:14)
  A hornet (D:10)
  6 tarantellas (Spider:1)
  7 slime creatures
  38 blink frogs
  7 dream sheep (Lair:5)
  2 spriggans (Bailey)
  A centaur simulacrum (D:15)
  A culicivora (Spider:1)
  2 water elementals (D:15)
  8 jumping spiders
  5 wraiths
  70 yaks
  7 hogs (D:12)
  4 basilisks
  10 wyverns
  11 redbacks (Spider:1)
  Grum (D:9)
  A steam dragon (Bailey)
  8 vampire mosquitoes
  21 water moccasins
  2 acid dragons
  4 hell hounds (D:15)
  A swamp drake (D:11)
  10 orc warriors
  2 ice beasts (D:7)
  5 black bears
  22 ogres
  17 wolves
  9 centaurs
  20 bullfrogs
  5 kobold brigands
  A necrophage (D:5)
  A gnoll sergeant (D:8)
  3 scorpions
  5 wights (D:8)
  19 killer bees
  An electric eel (D:15)
  6 howler monkeys
  A hound (D:6)
  10 orc priests
  5 jellies
  2 gnoll boudas
  3 iguanas
  18 orc wizards
  4 hell rats (Lair:5)
  A hound zombie (D:4)
  A boggart simulacrum (D:15)
  Robin (D:2)
  9 gnolls
  16 adders
  A shadow imp (D:7)
  2 white imps
  3 ufetubi (D:6)
  An adder zombie (D:4)
  A worm (D:3)
  2 dart slugs (D:3)
  48 orcs
  11 ball pythons
  6 endoplasms
  2 giant cockroaches
  16 goblins
  9 hobgoblins
  3 quokkas
  9 bats
  5 frilled lizards
  6 kobolds
  5 rats
723 creatures vanquished.

Vanquished Creatures (collateral kills)
  3 wizards (Volcano)
  2 toenail golems (Volcano)
  A gnoll (D:7)
6 creatures vanquished.

Vanquished Creatures (others)
  A bush (Lair:5)
  76 fungi
  162 plants
239 creatures vanquished.

Grand Total: 968 creatures vanquished

Notes
Turn   | Place    | Note
-------+----------+-------------------------------------------
     0 | D:1      | hikkokomori the Gargoyle Earth Elementalist began the quest
                  | for the Orb.
     0 | D:1      | Reached XP level 1. HP: 10/10 MP: 3/3
   178 | D:1      | Reached skill level 1 in Transmutations
   178 | D:1      | Reached XP level 2. HP: 15/15 MP: 3/5
   409 | D:1      | Reached skill level 4 in Earth Magic
   849 | D:2      | Reached XP level 3. HP: 19/19 MP: 4/6
  1254 | D:2      | Reached XP level 4. HP: 24/24 MP: 5/8
  1302 | D:2      | Noticed Robin
  1361 | D:3      | Found a hide-covered altar of Uskayaw.
  1773 | D:3      | Found a sacrificial altar of Ru.
  2265 | D:4      | Found a runed translucent gate.
  2265 | D:4      | Found a runed translucent gate.
  2265 | D:4      | Found a runed translucent gate.
  2265 | D:4      | Noticed THTSBRD's ghost (amateur MeRe)
  2267 | D:4      | Found a basalt altar of Yredelemnul.
  2276 | D:4      | Reached skill level 5 in Earth Magic
  2447 | D:4      | Reached XP level 5. HP: 28/28 MP: 6/10
  2524 | D:4      | Noticed Dowan
  2525 | D:4      | Noticed Duvessa
  2715 | D:2      | Killed Robin
  3073 | D:5      | Entered Level 5 of the Dungeon
  3104 | D:5      | Noticed an ogre
  3123 | D:5      | Killed an ogre
  3124 | D:5      | Reached skill level 6 in Earth Magic
  3124 | D:5      | Reached XP level 6. HP: 32/32 MP: 9/12
  3129 | D:5      | Learned a level 2 spell: Blink
  3133 | D:5      | Learned a level 3 spell: Stone Arrow
  3136 | D:5      | Learned a level 2 spell: Passwall
  3141 | D:5      | Learned a level 4 spell: Passage of Golubria
  3189 | D:5      | Found a shadowy altar of Dithmenos.
  3495 | D:5      | Reached skill level 1 in Fighting
  3501 | D:5      | Reached skill level 1 in Translocations
  3588 | D:5      | Reached XP level 7. HP: 31/38 MP: 8/13
  3880 | D:5      | Reached skill level 7 in Earth Magic
  4042 | D:6      | Got the Exposition on Sweltering Putrescence
  4062 | D:6      | Found Haegeful's Armour Shoppe.
  4121 | D:6      | Found a bloodstained altar of Trog.
  4172 | D:6      | Reached XP level 8. HP: 46/46 MP: 12/14
  4196 | D:6      | Found Yruguewu's Serpentskin Sales.
  4279 | D:6      | Found Muorawits's Armour Shoppe.
  4290 | D:6      | Identified the +2 leather armour of Wuoloceu {Will+}
  4305 | D:6      | Found a broken altar of Ashenzari.
  4421 | D:6      | Found Nuenk's Armour Boutique.
  4463 | D:6      | Found Vom Hiow's Magic Scroll Emporium.
  4485 | D:6      | Reached skill level 8 in Earth Magic
  4610 | D:6      | Found Paoperopri's Jewellery Emporium.
  4822 | D:7      | Found a flagged portal.
  4832 | Bailey   | Entered a bailey
  4857 | Bailey   | Reached skill level 1 in Conjurations
  4886 | Bailey   | Noticed a spriggan
  4886 | Bailey   | Noticed a spriggan
  4890 | Bailey   | Killed a spriggan
  4891 | Bailey   | Reached skill level 5 in Spellcasting
  4891 | Bailey   | Reached skill level 1 in Evocations
  4891 | Bailey   | Reached XP level 9. HP: 53/53 MP: 13/16
  4940 | Bailey   | Noticed a two-headed ogre
  4953 | Bailey   | Killed a two-headed ogre
  5090 | Bailey   | Reached skill level 5 in Conjurations
  5172 | D:7      | Reached skill level 5 in Fighting
  5228 | D:7      | Found a staircase to the Ecumenical Temple.
  5244 | Temple   | Entered the Ecumenical Temple
  5269 | Temple   | Became a worshipper of Vehumet
  5305 | D:6      | Bought the Octavo of Putrescence for 312 gold pieces
  5840 | D:7      | Reached XP level 10. HP: 59/59 MP: 15/19
  6003 | D:7      | Learned a level 3 spell: Ignite Poison
  6008 | D:7      | Learned a level 4 spell: Olgreb's Toxic Radiance
  6022 | D:8      | Found Jaggattu's Antique Weapon Shop.
  6027 | D:8      | Reached skill level 1 in Poison Magic
  6069 | D:8      | Noticed Pikel
  6075 | D:8      | Killed Pikel
  6217 | D:8      | Reached skill level 5 in Poison Magic
  6217 | D:8      | Reached * piety under Vehumet
  6217 | D:8      | Offered knowledge of Freeze by Vehumet.
  6358 | D:8      | Found a staircase to the Lair.
  6514 | D:8      | Found Kusigran's Assorted Antiques.
  6535 | D:8      | Found Bulydud's Magic Scroll Shop.
  6640 | D:8      | Found Ejifitack's Distillery.
  6684 | D:8      | Found Asosoc's General Store.
  6973 | D:8      | Bought a bone morningstar for 180 gold pieces
  6973 | D:8      | Identified the +7 morningstar of Goulurch {elec, rF++ rN+}
                  | (You bought it in a shop on level 8 of the Dungeon)
  7385 | D:9      | Reached XP level 11. HP: 57/68 MP: 18/20
  7462 | D:9      | Found a blossoming altar of Fedhas.
  7624 | D:9      | Found a stormy altar of Qazlal.
  7935 | D:9      | Noticed Grum
  7950 | D:9      | Killed Grum
  8143 | D:9      | Found a glowing silver altar of Zin.
  8210 | D:10     | Entered Level 10 of the Dungeon
  8300 | D:10     | Found a transporter.
  8323 | D:10     | Noticed pascalblue's ghost (journeyman DECj)
  8326 | D:10     | Reached ** piety under Vehumet
  8354 | D:10     | Found a transporter.
  8366 | D:10     | Offered knowledge of Poisonous Vapours by Vehumet.
  8537 | D:10     | Reached skill level 1 in Fire Magic
  9046 | D:10     | Offered knowledge of Mephitic Cloud by Vehumet.
  9046 | D:10     | Found a shimmering altar of Xom.
  9269 | Lair:1   | Entered Level 1 of the Lair of Beasts
  9288 | Lair:1   | Learned a level 3 spell: Mephitic Cloud
  9459 | Lair:1   | Noticed a boulder beetle
  9467 | Lair:1   | Killed a boulder beetle
  9699 | Lair:1   | Reached *** piety under Vehumet
 10047 | Lair:1   | Reached XP level 12. HP: 76/76 MP: 17/22
 10427 | Lair:1   | Offered knowledge of Sticky Flame by Vehumet.
 10428 | Lair:1   | Reached skill level 5 in Evocations
 10429 | Lair:1   | Reached skill level 5 in Translocations
 10765 | Lair:2   | Found a dark tunnel.
 10775 | Volcano  | Entered a volcano
 10807 | Volcano  | Reached skill level 5 in Fire Magic
 11045 | Volcano  | Reached **** piety under Vehumet
 11265 | Lair:2   | Offered knowledge of Lee's Rapid Deconstruction by Vehumet.
 11322 | Lair:2   | Learned a level 5 spell: Lee's Rapid Deconstruction
 11401 | Lair:2   | Found a hole to the Spider Nest.
 11420 | Lair:2   | Noticed an eight-headed hydra
 11424 | Lair:2   | Killed an eight-headed hydra
 11425 | Lair:2   | Reached skill level 1 in Staves
 11439 | Lair:2   | Reached XP level 13. HP: 80/80 MP: 6/25
 11895 | Lair:2   | Reached skill level 9 in Earth Magic
 12133 | Lair:2   | Found a staircase to the Swamp.
 13057 | D:6      | Bought a +0 pair of boots for 49 gold pieces
 13057 | D:6      | Bought a +0 buckler for 49 gold pieces
 13250 | Lair:3   | Reached skill level 1 in Shields
 13687 | Lair:3   | Reached ***** piety under Vehumet
 13687 | Lair:3   | Offered knowledge of Airstrike by Vehumet.
 13823 | Lair:3   | Reached skill level 10 in Earth Magic
 14642 | Lair:4   | Found the +8 whip "Snakebite" {venom, curare, rPois}
 14966 | Lair:5   | Entered Level 5 of the Lair of Beasts
 14979 | Lair:5   | Reached skill level 1 in Maces & Flails
 14979 | Lair:5   | Reached skill level 5 in Shields
 15127 | Lair:5   | Gained mutation: Your large and strong wings let you fly.
                  | [Gargoyle growth]
 15127 | Lair:5   | Reached XP level 14. HP: 78/86 MP: 27/27
 15948 | Lair:5   | Reached skill level 1 in Armour
 15950 | Lair:5   | Reached skill level 11 in Earth Magic
 16355 | Lair:5   | Offered knowledge of Arcjolt by Vehumet.
 16363 | Lair:5   | Reached skill level 10 in Spellcasting
 17499 | Lair:5   | Reached skill level 5 in Maces & Flails
 17658 | Lair:5   | Reached skill level 12 in Earth Magic
 17664 | Lair:5   | Found a staircase to the Slime Pits.
 17711 | Lair:5   | Offered knowledge of Orb of Destruction by Vehumet.
 17806 | Lair:5   | Learned a level 7 spell: Orb of Destruction
 18004 | D:11     | Noticed Harold
 18024 | D:11     | Killed Harold
 18277 | D:11     | Noticed Fannar
 18291 | D:11     | Killed Fannar
 18292 | D:11     | Reached skill level 5 in Armour
 18561 | D:11     | Found a staircase to the Orcish Mines.
 18768 | Orc:1    | Entered Level 1 of the Orcish Mines
 18818 | Orc:2    | Entered Level 2 of the Orcish Mines
 18840 | Orc:2    | Found a staircase to the Elven Halls.
 18852 | Orc:2    | Found Ohuisso's Magic Scroll Shop.
 18860 | Orc:2    | Reached XP level 15. HP: 90/90 MP: 29/29
 18867 | Orc:2    | Found Afroxkon's Magic Scroll Boutique.
 18882 | Orc:2    | Reached ****** piety under Vehumet
 19146 | Orc:2    | Found Qasittoa's Armour Emporium.
 19151 | Orc:2    | Found Miveag's Armour Boutique.
 19209 | Orc:2    | Offered knowledge of Ozocubu's Refrigeration by Vehumet.
 19282 | Orc:2    | Found a transporter.
 19358 | Orc:2    | Found a transporter.
 19361 | Orc:2    | Noticed hikkokomori's ghost (journeyman TeCj)
 19687 | Orc:2    | Bought a +2 robe of the Archmagi for 603 gold pieces
 19706 | Orc:2    | Learned a level 7 spell: Ozocubu's Refrigeration
 19713 | Orc:2    | Learned a level 5 spell: Yara's Violent Unravelling
 19997 | D:12     | Noticed Urug
 20000 | D:12     | Killed Urug
 20157 | D:12     | Noticed Snorg
 20167 | D:12     | Killed Snorg
 20299 | D:12     | Noticed Nessos
 20303 | D:12     | Killed Nessos
 20581 | D:12     | Reached skill level 13 in Earth Magic
 20591 | D:12     | Noticed Kirke
 20598 | D:12     | Killed Kirke
 21111 | D:13     | Identified the amulet of Ruts {Faith Fly rPois}
 21609 | D:13     | Found a runed translucent gate.
 21609 | D:13     | Found a runed translucent gate.
 21609 | D:13     | Found an opulent altar of Gozag.
 21609 | D:13     | Found a runed translucent gate.
 21609 | D:13     | Noticed sirJeffrey23's ghost (journeyman FoFi)
 21609 | D:13     | Noticed a tengu reaver
 21610 | D:13     | Found Cuefabbi's Assorted Antiques.
 21647 | D:13     | Found Lusympil's Antique Armour Shoppe.
 22029 | D:13     | Identified the +7 short sword of Ugeofaf {venom, rPois
                  | Str-3 Dex+4}
 22089 | D:13     | Noticed a fire giant
 22383 | D:13     | Killed a fire giant
 22689 | D:13     | a quicksilver ooze changed into an emperor scorpion
 22689 | D:13     | Noticed an emperor scorpion (shapeshifter)
 22904 | D:14     | Reached skill level 1 in Hexes
 23026 | D:13     | Noticed a storm dragon
 23069 | D:14     | Reached skill level 5 in Transmutations
 23069 | D:14     | Reached XP level 16. HP: 96/96 MP: 20/31
 23190 | D:14     | Reached skill level 5 in Stealth
 23257 | D:14     | Offered knowledge of Fireball by Vehumet.
 23264 | D:14     | Learned a level 5 spell: Fireball
 23272 | D:14     | Learned a level 6 spell: Eringya's Noxious Bog
 23285 | D:14     | Reached skill level 10 in Poison Magic
 23429 | D:14     | Noticed Rupert
 23450 | D:14     | Killed Rupert
 23682 | D:14     | Found a gate to the Vaults.
 23968 | D:14     | Found a shimmering altar of Xom.
 24323 | D:15     | Entered Level 15 of the Dungeon
 24610 | D:15     | Found Xefamet's General Store.
 24616 | D:15     | Bought a potion of curing for 48 gold pieces
 24616 | D:15     | Bought a potion of ambrosia for 128 gold pieces
 24616 | D:15     | Bought 2 potions of haste for 320 gold pieces
 24685 | D:15     | Found Umoekkuh's Book Boutique.
 24704 | D:15     | Bought a book of Unlife for 360 gold pieces
 25214 | D:15     | Identified Roxanne's Encyclopedia of the Figure
 25214 | D:15     | Noticed Roxanne
 25314 | D:15     | Offered knowledge of Iskenderun's Battlesphere by Vehumet.
 25403 | D:15     | Found Ciacez's Antique Weapon Shoppe.
 25414 | D:15     | Noticed Azrael
 25422 | D:15     | Killed Azrael
 25423 | D:15     | Reached skill level 14 in Earth Magic
 25620 | D:15     | Found Qollinoa's Antique Weapon Shoppe.
 25777 | D:15     | Found a staircase to the Depths.
 26183 | Spider:1 | Entered Level 1 of the Spider Nest
 26433 | Spider:1 | Noticed Frances
 26444 | Spider:1 | Killed Frances
 26460 | Spider:1 | Slain by a culicivora

Illustrated notes

Levels and vault maps discovered:
D:1:      scummos_arrival_simple_fountains, layout_loops_ring
D:2:      layout_basic, minmay_box_of_dots, uniq_robin
D:3:      layout_loops_ring, nicolae_ru_path_of_blood,
          nicolae_uskayaw_murder_on_the_dancefloor, dreamdust_princess_bridge,
          solitary_fountain
D:4:      layout_rooms, nicolae_yredelemnul_ghost_church, uniq_duvessa
D:5:      layout_loops_ring, nicolae_dithmenos_shadow_blocks,
          chequers_mini_garden
D:6:      layout_gridville, mainiacjoe_overflow_chevrons, trog_book,
          serial_shops, nicolae_shop_temple_entry_statues_fountains,
          shop_fountains, shop, kennysheep_mini_moat, shop, grunt_ministairs_6,
          guppyfry_shop_venom
D:7:      layout_basic, minmay_temple_entry_metal_lava, enter_bailey_6,
          eino_small_chamber_without_monster, kennysheep_generic_room_10
D:8:      layout_rooms, due_lair_maze_entry_diamond, serial_shops, shop,
          nicolae_shop_trees, shop, nicolae_inconvenience_store,
          kennysheep_mini, uniq_pikel
D:9:      layout_roguey, fedhas_ov_isle_minmay, zin_statuary,
          nicolae_qazlal_scattered_showers, uniq_grum
D:10:     layout_rooms, tgw_xom, gammafunk_ghost_stat_death
D:11:     layout_rooms, erik_orc_1, uniq_harold, uniq_fannar
D:12:     layout_basic, uniq_kirke, uniq_urug, uniq_snorg, uniq_nessos
D:13:     hourglass_vault, layout_loops_corners, ebering_ghost_gozag,
          serial_shops, nicolae_shop_temple_entry_statues_fountains
D:14:     layout_long_grid, skrybe_vaults_entry_preservation,
          minmay_misc_feat_more_columns, minmay_ruined_shrine, uniq_rupert
D:15:     grunt_enter_depths_magical_seal, layout_stronghold, serial_shops,
          nicolae_shop_advertising_works [nicolae_subvault_shop_adworks], shop,
          nicolae_diamond_shop, shop, nicolae_twisting_strands,
          solitary_fountain, minivault_14, corexii_hall_statues_deadend,
          minivault_16, uniq_roxanne, uniq_azrael
Temple:   hc_temple_tempest_star
Lair:1:   layout_roguey, hangedman_lair_unloving_vines, minivault_27,
          grunt_megastairs_1, lemuel_fruit_tree
Lair:2:   layout_cave_pods, skrybe_swamp_entry_bodies, spider_nest_entry_rubble,
          nicolae_volcano_entry_two_sided, nicolae_lair_grove_arrangements
Lair:3:   layout_gridlike
Lair:4:   minmay_guarded_unrand_snakebite, layout_gridlike
Lair:5:   minmay_lair_end_frog_pond, layout_cave_pods, slime_entry_1,
          lemuel_fruit_fields
Spider:1: layout_spider_delve, uniq_frances
Orc:1:    layout_diamond_mine, minmay_shop_enchanted_jewellery, uniq_maurice
Orc:2:    st_orc_open, layout_caves, gammafunk_ghost_arena

Skill      XL: |  1  2  3  4  5  6  7  8  9 10 11 12 13 14 15 16 |
---------------+-------------------------------------------------+-----
Transmutations | 1 2 3 4 5 6 |  6.2
Earth Magic    | 4 5 6 7 8 10 12 13 14 | 14.3
Spellcasting   | 3 4 5 6 8 9 10 11 12 | 12.1
Fighting       | 1 3 4 5 7 9 |  9.2
Translocations | 1 2 3 4 6 7 |  7.3
Conjurations   | 2 5 6 8 |  8.2
Evocations     | 1 3 4 6 |  6.1
Poison Magic   | 7 9 10 | 10.3
Fire Magic     | 3 6 |  6.0
Staves         | 1 4 |  4.6
Shields        | 5 |  5.3
Maces & Flails | 1 5 6 |  6.5
Armour         | 5 6 |  6.3
Stealth        | 4 6 |  6.0
Hexes          | 1 4 |  4.1
Dodging        | 3 |  3.1

Action                   |  1- 3 |  4- 6 |  7- 9 | 10-12 | 13-15 | 16-18 || total
-------------------------+-------+-------+-------+-------+-------+-------++-------
Melee: Unarmed           |    13 |       |       |       |       |       ||    13
       Punch             |     1 |     1 |       |       |       |       ||     2
       Dagger            |    23 |    21 |       |       |       |       ||    44
       Staff             |       |       |     2 |    14 |       |       ||    16
       Whip              |       |       |       |       |   442 |   241 ||   683
 Fire: Arbalest          |       |     1 |       |       |       |       ||     1
 Cast: Sandblast         |    34 |    70 |   101 |   337 |   152 |    18 ||   712
       Stone Arrow       |       |       |       |     2 |    30 |       ||    32
       Blink             |       |       |       |     3 |     4 |     2 ||     9
       Olgreb's Toxic Ra |       |       |       |     9 |    76 |    38 ||   123
       Ignite Poison     |       |       |       |     6 |    70 |    42 ||   118
       Lee's Rapid Decon |       |       |       |     5 |    38 |    13 ||    56
       Mephitic Cloud    |       |       |       |     3 |     8 |    14 ||    25
       Yara's Violent Un |       |       |       |       |     1 |       ||     1
       Eringya's Noxious |       |       |       |       |       |     3 ||     3
Evoke: Wand              |       |       |       |     3 |     1 |       ||     4
  Use: Scroll            |       |       |    10 |     7 |    14 |     7 ||    38
       Potion            |       |       |       |       |     1 |       ||     1
 Stab: Sleeping          |     1 |       |       |       |       |     4 ||     5
       Distracted        |       |       |       |       |       |     1 ||     1
       Confused          |       |       |       |       |       |     1 ||     1
Armor: Robe              |    17 |    27 |     8 |       |    45 |   120 ||   217
       Leather armour    |       |       |     7 |    11 |       |       ||    18
       Swamp dragon scal |       |       |    10 |   154 |   245 |       ||   409
       Chain mail        |       |       |       |    11 |       |       ||    11
Dodge: Dodged            |    43 |    39 |    45 |   188 |   217 |    86 ||   618
Block: Buckler           |       |       |       |       |    81 |    44 ||   125

Table legend: (Time is in decaauts)
 A = Elapsed time spent in this place.
 B = Non-inter-level travel time spent in this place.
 C = Inter-level travel time spent in this place.
 D = Time resting spent in this place.
 E = Time spent auto-exploring this place.
 F = Levels seen in this place.
 G = Mean time per level.
                   A        B        C        D        E       F      G
               +--------+--------+--------+--------+--------+-----+--------+
         Total |  26800 |  25316 |   1484 |   2519 |  18086 |  26 | 1030.8 |
       Dungeon |  16498 |  15584 |    914 |   1615 |  11323 |  15 | 1099.9 |
        Temple |     34 |     16 |     18 |      0 |     13 |   1 |   34.0 |
          Lair |   8255 |   7811 |    444 |    777 |   5611 |   5 | 1651.0 |
   Spider Nest |    269 |    269 |      0 |      3 |    160 |   1 |  269.0 |
  Orcish Mines |    982 |    875 |    107 |      0 |    706 |   2 |  491.0 |
        Bailey |    330 |    330 |      0 |     60 |    189 |   1 |  330.0 |
       Volcano |    431 |    431 |      0 |     64 |     84 |   1 |  431.0 |
               +--------+--------+--------+--------+--------+-----+--------+

Top non-repeatable levels by time:
  Lair:5: 2154 daAuts
  Lair:2: 1894 daAuts
  Lair:4: 1698 daAuts
    D:13: 1695 daAuts
    D:14: 1694 daAuts
  Lair:1: 1492 daAuts
    D:15: 1478 daAuts
    D:12: 1402 daAuts
     D:9: 1208 daAuts
     D:8: 1187 daAuts
     D:7: 1092 daAuts
    D:10: 1085 daAuts
     D:3: 1051 daAuts
  Lair:3: 1015 daAuts
   Orc:2: 922 daAuts
